 Dungeon Crawl Stone Soup version 0.21-a0-72-gbbb65ab (webtiles) character file.

19455 Kidiri the Grappler (level 12, -7/110 HPs)
             Began as a Demonspawn Transmuter on June 20, 2017.
             Was a Priest of Wu Jian.
             Mangled by a blink frog (9 damage)
             ... on level 4 of the Lair of Beasts.
             The game lasted 01:00:40 (18599 turns).

Kidiri the Grappler (Demonspawn Transmuter)        Turns: 18599, Time: 01:00:41

Health: -7/110     AC:  8    Str: 14    XL:     12   Next: 36%
Magic:  22/22      EV: 13    Int: 15    God:    Wu Jian [***...]
Gold:   692        SH:  0    Dex: 13    Spells: 12/25 levels left

rFire    x x x     SeeInvis +     - Unarmed
rCold    + + +     Gourm    .   (shield currently unavailable)
rNeg     . . .     Faith    .   (armour currently unavailable)
rPois    +         Spirit   .   (helmet currently unavailable)
rElec    .         Reflect  .   (cloak currently unavailable)
rCorr    .         Harm     .   (gloves unavailable)
MR       .....                  (boots currently unavailable)
Stlth    +++.......             m - amulet of rage
HPRegen  0.28/turn              f - ring of ice
MPRegen  0.18/turn              q - ring of ice

@: about to teleport, ice-form, very slightly contaminated
A: see invisible, deterioration 1, weak 1, freezing cloud immunity
a: End Transformation, Renounce Religion, Evoke Berserk Rage


You were on level 4 of the Lair of Beasts.
You worshipped Wu Jian.
Wu Jian was most pleased with you.
You were hungry.
You were a creature of crystalline ice.
You visited 3 branches of the dungeon, and saw 14 of its levels.
You also visited: Sewer.

You collected 1002 gold pieces.
You spent 310 gold pieces at shops.

Inventory:

Missiles
 a - 276 arrows
Armour
 c - a scarf of repulsion (melded)
 E - a +1 leather armour of cold resistance (melded)
 G - a +2 hat (melded)
Jewellery
 f - a ring of ice (left front paw)
 m - an amulet of rage (around neck)
 q - a ring of ice (right front paw)
 y - an uncursed ring of protection from cold
Wands
 b - a wand of lightning (8/15)
 e - a wand of acid (6/15)
 r - a wand of disintegration (17/24)
 u - a wand of random effects (31/48)
 x - a wand of flame (26/48)
 D - a wand of lightning (4/15)
Scrolls
 g - 2 scrolls of magic mapping
 l - 2 scrolls of remove curse
 n - 2 scrolls of amnesia
 t - a scroll of teleportation
 v - a scroll of noise {unknown}
 A - a scroll of fog
 F - a scroll of enchant weapon
Potions
 h - 3 potions of brilliance
 j - 2 potions of magic
 o - 4 potions of might
 s - 2 potions of haste {unknown}
 w - a potion of agility
 z - 3 potions of degeneration {unknown}
 B - 2 potions of mutation {unknown}
 C - a potion of resistance
 J - a potion of invisibility
Comestibles
 d - 2 bread rations
 k - 11 meat rations


   Skills:
 * Level 7.9 Fighting
 * Level 5.2 Armour
 * Level 7.3 Dodging
 * Level 5.4 Stealth
 * Level 8.0 Unarmed Combat
 * Level 7.3 Spellcasting
 * Level 7.2 Transmutations
 + Level 4.9 Ice Magic
 + Level 5.5 Poison Magic


You had 12 spell levels left.
You knew the following spells:

 Your Spells              Type           Power        Failure   Level  Hunger
a - Beastly Appendage     Tmut           ####..       1%          1    None
b - Spider Form           Tmut/Pois      ###.......   2%          3    ##.....
c - Ice Form              Ice/Tmut       ######..     11%         4    ####...
d - Blade Hands           Tmut           ####......   19%         5    #####..


Dungeon Overview and Level Annotations

Branches:
Dungeon (9/15)             Temple (1/1) D:5            Lair (4/6) D:8
 Shoals (0/4) Lair:3
  Snake: Lair:2-4    Spider: Lair:2-4       Orc: D:9-12

Altars:
Ashenzari
Cheibriados
Dithmenos
Elyvilon
Fedhas
Gozag
Hepliaklqana
Kikubaaqudgha
Makhleb
Nemelex Xobeh
Okawaru
Qazlal
Ru
Sif Muna
Trog
Uskayaw
Vehumet
Wu Jian
Xom
Yredelemnul
Zin
The Shining One

Shops:
D:7 [


Innate Abilities, Weirdness & Mutations

((You have a pair of small antennae on your head.))
((You have claws for hands.))
((You have large cloven feet.))
((Your flesh is cold resistant. (rC+)))
((You are partially covered in sharp spines.))
You are immune to freezing clouds.
You have supernaturally acute eyesight. (SInv)
((Armour fits poorly on your strangely shaped body.))
Your body sometimes deteriorates upon taking damage.
You are weak. (Str -2)


Message History

You hit the blink frog.
The blink frog seems to slow down.
You freeze the blink frog.
The blink frog is almost dead.
The blink frog hits you but does no damage.
As you read the scroll of teleportation, it crumbles to dust.
You feel strangely unstable.
The blink frog hits you but does no damage.
The blink frog hits you.
* * * LOW HITPOINT WARNING * * *
The blink frog barely misses you.
All of the chunks of flesh in your inventory have rotted away.
You spin and attack the blink frog.
You punch the blink frog!
The blink frog seems to slow down.
You freeze the blink frog.
You kill the blink frog!
The Council accepts your kill.
Unknown command.
You spin and attack the blink frog.
You closely miss the blink frog.
The blink frog is severely wounded.
The blink frog hits you!
You die...

### ####P## ########## #
.##...###### ########.#......###
........##.####P#P.#..#..........
..#..........(.c.................
.............#†#F.....#..........
..............##Y................
...........#c..#......#.........#
.......§#...........###P...##.P.#
.....#..............# ##...#.#...
........F............# #.........
.................................
.....§...............#.. ####..##
.....(#....#........#### #.. #
....§###...#.......P #. #


You could see a blink frog and a centaur.

Vanquished Creatures
  A two-headed ogre (D:5)
  An obsidian statue (D:9)
  An elephant (D:8)
  2 black mambas
  An ice statue (D:9)
  A torpor snail (Lair:2)
  A centaur skeleton (D:9)
  3 spiny frogs
  2 rime drakes
  2 komodo dragons (Lair:3)
  10 blink frogs
  15 dream sheep
  4 hippogriffs
  20 yaks
  A hungry ghost (D:7)
  The ghost of junkhipster the Cudgeler, an amateur DsFi (D:4)
  A basilisk (Lair:3)
  7 water moccasins
  Duvessa (D:5)
  6 porcupines
  2 orc warriors
  A sky beast (D:9)
  2 phantoms
  4 ogres
  5 wolves (Lair:2)
  7 crocodiles
  4 centaurs
  14 bullfrogs
  Dowan (D:5)
  A wyvern skeleton (D:9)
  2 scorpions
  6 killer bees
  2 howler monkeys
  A crimson imp (D:6)
  A bullfrog zombie (D:6)
  4 hounds
  A gnoll shaman (D:8)
  5 orc wizards
  A quasit (D:8)
  Crazy Yiuf (D:7)
  2 orc priests
  6 iguanas
  9 worker ants
  A killer bee zombie (D:8)
  8 adders
  10 gnolls
  An adder skeleton (D:4)
  4 worms
  A dart slug (D:3)
  5 leopard geckos
  29 orcs
  2 ball pythons
  13 bats
  4 giant cockroaches
  4 goblins
  7 hobgoblins
  15 jackals
  10 kobolds
  4 quokkas
  7 frilled lizards
  A leopard gecko zombie (D:6)
  A quokka skeleton (D:8)
  7 rats
297 creatures vanquished.

Vanquished Creatures (others)
  An orc (D:4)
  A fungus (Lair:3)
2 creatures vanquished.

Grand Total: 299 creatures vanquished

Notes
Turn   | Place    | Note
-------+----------+-------------------------------------------
     0 | D:1      | Kidiri the Demonspawn Transmuter began the quest for the Orb.
     0 | D:1      | Reached XP level 1. HP: 15/15 MP: 3/3
   561 | D:1      | Gained mutation: You are partially covered in sharp spines. [demonic ancestry]
   561 | D:1      | Reached XP level 2. HP: 15/21 MP: 3/5
   970 | D:1      | Reached skill level 3 in Unarmed Combat
  1034 | D:1      | Gained mutation: You have sharp fingernails. [demonic ancestry]
  1034 | D:1      | Reached XP level 3. HP: 26/26 MP: 6/6
  1278 | D:1      | Learned a level 3 spell: Spider Form
  1324 | D:2      | Found a faded altar of an unknown god.
  1928 | D:3      | Lost mutation: You have a pair of horns on your head. [demonic ancestry]
  1928 | D:3      | Lost mutation: You have a pair of small horns on your head. [demonic ancestry]
  1928 | D:3      | Gained mutation: You have a pair of small antennae on your head. [demonic ancestry]
  1928 | D:3      | Reached XP level 4. HP: 32/32 MP: 5/7
  2007 | D:3      | Learned a level 4 spell: Ice Form
  2124 | D:3      | Noticed a centaur
  2601 | D:3      | Gained mutation: You have supernaturally acute eyesight. (SInv) [mutagenic glow]
  2610 | D:3      | Reached skill level 1 in Poison Magic
  2628 | D:3      | Gained mutation: You are weak. (Str -2) [mutagenic glow]
  2820 | D:3      | Killed a centaur
  2820 | D:3      | Reached skill level 1 in Armour
  2820 | D:3      | Reached skill level 1 in Stealth
  2820 | D:3      | Reached XP level 5. HP: 21/38 MP: 5/9
  3551 | D:4      | Found a shadowy altar of Dithmenos.
  3639 | D:4      | Reached XP level 6. HP: 41/44 MP: 4/10
  3827 | D:4      | Noticed junkhipster's ghost (amateur DsFi)
  3834 | D:4      | Killed junkhipster's ghost
  3834 | D:4      | Reached skill level 1 in Ice Magic
  3969 | D:4      | Found a glowing drain.
  3987 | Sewer    | Entered a sewer
  4089 | Sewer    | Gained mutation: You have large cloven feet. [demonic ancestry]
  4089 | Sewer    | Reached XP level 7. HP: 39/51 MP: 8/11
  4271 | D:4      | Reached skill level 4 in Unarmed Combat
  4591 | D:5      | Entered Level 5 of the Dungeon
  5083 | D:5      | Found a staircase to the Ecumenical Temple.
  5103 | Temple   | Entered the Ecumenical Temple
  5210 | Temple   | Became a worshipper of the Wu Jian Council
  5254 | D:5      | Noticed Duvessa
  5254 | D:5      | Noticed Dowan
  5263 | D:5      | Killed Dowan
  5273 | D:5      | Killed Duvessa
  5297 | D:5      | Learned a level 5 spell: Blade Hands
  5861 | D:5      | Gained mutation: You have very sharp fingernails. [demonic ancestry]
  5861 | D:5      | Reached XP level 8. HP: 53/58 MP: 9/13
  7136 | D:5      | Noticed a two-headed ogre
  7153 | D:5      | Killed a two-headed ogre
  7153 | D:5      | Gained mutation: Your flesh is cold resistant. (rC+) [demonic ancestry]
  7153 | D:5      | Reached XP level 9. HP: 48/66 MP: 12/15
  7266 | D:6      | Reached skill level 5 in Unarmed Combat
  7523 | D:7      | Reached * piety under Wu Jian
  8443 | D:7      | Found Peniovan's Antique Armour Shop.
  8451 | D:7      | Bought an embroidered hat for 189 gold pieces
  8456 | D:7      | Bought a cloak for 121 gold pieces
  8947 | D:7      | Found a runed door.
  9209 | D:7      | Noticed Crazy Yiuf
  9214 | D:7      | Killed Crazy Yiuf
  9457 | D:8      | Gained mutation: Armour fits poorly on your strangely shaped body. [mutagenic glow]
  9572 | D:8      | Gained mutation: Your body sometimes deteriorates upon taking damage. [mutagenic glow]
  9798 | D:8      | Noticed an elephant
  9799 | D:8      | Found a staircase to the Lair.
  9830 | D:8      | Reached skill level 5 in Fighting
  9830 | D:8      | Reached skill level 5 in Dodging
  9830 | D:8      | Reached skill level 5 in Transmutations
  9919 | D:8      | Reached skill level 5 in Spellcasting
  9931 | D:8      | Killed an elephant
 10285 | D:8      | Gained mutation: You have claws for hands. [demonic ancestry]
 10285 | D:8      | Reached XP level 10. HP: 28/74 MP: 8/17
 10286 | D:8      | HP: 3/74 [gnoll/spear (6)]
 11041 | D:9      | Noticed an obsidian statue
 11265 | D:9      | Reached skill level 6 in Unarmed Combat
 11270 | D:9      | Noticed an ice statue
 11443 | D:9      | Reached ** piety under Wu Jian
 11620 | D:9      | Found a shimmering altar of Xom.
 12464 | D:9      | HP: 4/91 [ice statue] (4)]
 12465 | D:9      | Killed an ice statue
 12892 | D:9      | Noticed an orange demon
 12897 | D:9      | Killed an obsidian statue
 13041 | Lair:1   | Entered Level 1 of the Lair of Beasts
 13204 | Lair:1   | Reached XP level 11. HP: 48/81 MP: 19/19
 13478 | Lair:1   | Found an iron altar of Okawaru.
 13501 | Lair:1   | HP: 4/97 [poisoned by a black mamba]
 13507 | Lair:1   | HP: 3/97 [poisoned by a black mamba]
 13513 | Lair:1   | HP: 2/97 [poisoned by a black mamba]
 13521 | Lair:1   | HP: 2/97 [poisoned by a black mamba]
 15024 | Lair:2   | Reached skill level 7 in Unarmed Combat
 16250 | Lair:3   | Reached skill level 5 in Poison Magic
 16404 | Lair:3   | Found a staircase to the Shoals.
 16569 | Lair:3   | Reached *** piety under Wu Jian
 16941 | Lair:3   | Reached skill level 5 in Stealth
 17390 | Lair:3   | Gained mutation: You are immune to freezing clouds. [demonic ancestry]
 17390 | Lair:3   | Reached XP level 12. HP: 28/91 MP: 22/22
 18118 | Lair:4   | Reached skill level 5 in Armour
 18583 | Lair:4   | Reached skill level 8 in Unarmed Combat
 18594 | Lair:4   | HP: 5/110 [blink frog (11)]
 18597 | Lair:4   | HP: 2/110 [blink frog (4)]
 18599 | Lair:4   | Mangled by a blink frog

Vault maps used:
D:1:      lemuel_arrival_cross
D:2:      chequers_ecumenical_altar_simple_redux
D:3:      first_bread, st_stairs_11
D:4:      grunt_dithmenos_smoke, cheibrodos_sewer_entry_bend
D:5:      kennysheep_six_static_rooms, minmay_temple_entry_butterflies,
          uniq_duvessa
D:7:      serial_shops, shop, uniq_crazy_yiuf_cottage
D:8:      david_lair_generic, grunt_ogre_cave, nicolae_lava_and_water
D:9:      minmay_separated_statues, brannock_xom_greatest_gift
Temple:   compressed_dpeg_circular_temple
Lair:1:   basic_altar
Lair:3:   minmay_shoals_entry_centaurs, minivault_26, grunt_megastairs_1
Lair:4:   guppyfry_snake_entry_island
Sewer:    sewer_big_baddie

Skill      XL: |  1  2  3  4  5  6  7  8  9 10 11 12 |
---------------+-------------------------------------+-----
Transmutations | 2 3 4 5 6 7 |  7.2
Dodging        | 2 3 4 5 6 7 |  7.3
Unarmed Combat | 3 4 5 6 7 8 |  8.0
Poison Magic   | 1 2 3 4 5 |  5.5
Fighting       | 2 3 4 5 6 7 |  7.9
Armour         | 1 2 3 4 5 |  5.2
Stealth        | 1 2 3 4 5 |  5.4
Spellcasting   | 3 4 5 7 |  7.3
Ice Magic      | 1 2 3 4 |  4.9

Action                   |  1- 3 |  4- 6 |  7- 9 | 10-12 || total
-------------------------+-------+-------+-------+-------++-------
Melee: Unarmed           |   108 |   134 |   278 |   479 ||   999
       Kick              |     6 |     8 |    15 |    24 ||    53
       Headbutt          |     4 |       |       |       ||     4
       Staff             |       |       |     8 |       ||     8
       Punch             |       |       |     2 |     7 ||     9
 Cast: Beastly Appendage |    18 |    17 |       |       ||    35
       Spider Form       |       |     7 |    28 |    10 ||    45
       Ice Form          |       |       |     5 |    17 ||    22
       Blade Hands       |       |       |     3 |    14 ||    17
  Use: Scroll            |     5 |     6 |     8 |     6 ||    25
       Potion            |       |     1 |     3 |     3 ||     7
 Stab: Sleeping          |     1 |       |     2 |     4 ||     7
       Distracted        |       |       |     1 |       ||     1
  Eat: Chunk             |     3 |     9 |    13 |    11 ||    36
       Fruit             |       |       |     7 |     1 ||     8
       Royal jelly       |       |       |     2 |       ||     2
       Bread ration      |       |       |     1 |     6 ||     7
Armor: Robe              |    21 |    21 |     1 |       ||    43
       Skin              |       |     2 |    12 |    54 ||    68
       Leather armour    |       |       |    11 |    18 ||    29
Dodge: Dodged            |    76 |    79 |   259 |   251 ||   665
